Map: Odyssey LE

Players

Dessa

  • Race: Zerg Zerg
  • League: Diamond
  • Spawn Location: 5:00

vitz - Winner!

  • Race: Terran Terran
  • Spawn Location: 11:00

VOD

Have the link to the VOD?

Description

Time

  • Played on: Jan. 18, 2018, 9:33 a.m.
  • Length: 14:09
Show
View Real Time Build Order
Export as new Build Order

Dessa Zerg 

Build Orders: Hatch First 

Get SALT Encoding   

  12  0:04  Drone  
  13  0:13  Overlord  
  13  0:17  Drone  
  14  0:31  Drone  
  14  0:32  Drone  
  16  0:37  Drone  
  17  0:53  Hatchery  
  17  0:55  Drone  
  17  1:03  Drone, Extractor  
  17  1:18  Spawning Pool  
  16  1:19  Drone  
  16  1:25  Drone  
  18  1:31  Overlord  
  18  1:41  Drone  
  19  2:05  Zergling x4, Queen  
  19  2:06  Metabolic Boost  
  23  2:08  Queen  
  23  2:12  Drone  
  26  2:16  Drone  
  27  2:26  Spine Crawler  
  26  2:33  Spine Crawler  
  25  2:37  Overlord  
  25  2:46  Queen  
  27  2:52  Drone  
  28  2:58  Zergling x4  
  28  2:59  Drone  
  31  3:08  Queen  
  33  3:33  Zergling x4  
  33  3:34  Overlord  
  35  3:40  Drone  
  36  3:54  Drone x2  
  38  4:03  Drone x3  
  38  4:04  Drone  
  38  4:06  Drone  
  38  4:07  Extractor, Hatchery  
  41  4:23  Lair  
  40  4:32  Drone  
  40  4:33  Drone x2, Overlord  
  43  4:39  Evolution Chamber  
  43  4:40  Evolution Chamber  
  43  4:42  Drone x2  
  43  5:00  Drone x4  
  43  5:02  Drone, Extractor  
  43  5:03  Extractor  
  46  5:22  Spore Crawler  
  46  5:27  Zerg Melee Weapons Level 1  
  45  5:29  Drone x3  
  45  5:30  Drone x2  
  45  5:31  Drone, Queen  
  45  5:33  Drone x4  
  45  5:34  Overlord  
  49  5:57  Drone x3  
  51  6:11  Zerg Ground Armor Level 1  
  51  6:13  Drone  
  51  6:14  Drone x6  
  51  6:15  Drone  
  51  6:17  Drone  
  51  6:18  Drone  
  61  6:19  Drone  
  61  6:21  Drone  
  59  6:38  Zergling x6  
  59  6:39  Zergling x6  
  65  6:47  Baneling Nest  
  64  6:49  Overlord  
  64  6:50  Overlord  
  64  7:16  Overlord x2  
  64  7:20  Zergling x20  
  64  7:22  Overlord  
  74  7:28  Drone x4  
  78  7:30  Baneling  
  78  7:31  Baneling x8  
  78  7:32  Baneling, Centrifical Hooks  
  78  7:33  Zerg Melee Weapons Level 2  
  72  7:56  Drone x2, Extractor  
  72  7:57  Drone x3, Extractor  
  72  7:58  Drone x3  
  76  7:59  Overlord  
  76  8:03  Infestation Pit  
  76  8:05  Drone x6  
  83  8:06  Hydralisk Den  
  82  8:20  Hatchery  
  82  8:22  Pneumatized Carapace  
  81  9:05  Zergling x2  
  81  9:06  Zergling x10, Overlord x2  
  81  9:07  Hydralisk x5  
  81  9:08  Hydralisk x2  
  101  9:17  Muscular Augments  
  91  9:25  Zergling x2  
  91  9:26  Zergling x8  
  91  9:27  Baneling x8  
  91  9:28  Baneling x7  
  91  9:29  Zergling x2  
  91  9:30  Zergling x2  
  98  9:35  Queen  
  100  9:44  Zerg Ground Armor Level 2  
  100  9:46  Queen  
  102  10:17  Hydralisk x2  
  102  10:18  Hydralisk x7  
  113  10:38  Zergling x8  
  113  10:39  Zergling x6  
  113  10:40  Zergling x10  
  113  10:41  Zergling x2  
  110  10:47  Zergling x2  
  103  10:57  Zergling x6  
  103  10:58  Zergling x6  
  103  11:00  Hydralisk x3  
  103  11:02  Baneling x4  
  103  11:03  Baneling x9  
  110  11:18  Drone x4  
  111  11:28  Zerg Missile Weapons Level 1  
  111  11:30  Hive  
  111  11:32  Drone  
  112  11:36  Overlord x2  
  112  11:39  Extractor  
  111  11:40  Extractor  
  111  11:44  Queen  
  112  12:01  Zergling x6  
  115  12:36  Queen  
  88  12:53  Zergling x30  
  88  12:54  Zergling x8, Hydralisk x2  
  88  12:55  Hydralisk x2  
  111  13:04  Zergling x2  
  112  13:15  Baneling  
  112  13:16  Baneling x5  
  94  13:28  Zergling x4  
  94  13:29  Zergling x16  
  94  13:30  Zergling x4, Hydralisk x2  
  100  13:43  Zergling x12  
Show
View Real Time Build Order
Export as new Build Order

vitz Terran - Winner!

Build Orders: Cyclone Opening, MMM Bio 

Get SALT Encoding   

  12  0:01  SCV  
  13  0:13  SCV  
  14  0:17  Supply Depot  
  14  0:25  SCV  
  15  0:30  Refinery  
  15  0:39  SCV  
  16  0:46  Barracks  
  16  0:51  SCV  
  17  1:03  SCV  
  18  1:15  SCV, Supply Depot  
  19  1:28  SCV  
  20  1:41  Orbital Command  
  20  1:43  Factory  
  20  1:44  Marine  
  21  2:02  Marine  
  22  2:17  Command Center  
  22  2:28  Cyclone  
  25  2:33  SCV, Marine  
  27  2:51  Starport, Marine  
  27  2:52  SCV  
  29  3:00  Bunker  
  29  3:04  SCV  
  29  3:05  Supply Depot  
  30  3:16  SCV  
  31  3:28  SCV  
  31  3:32  Orbital Command  
  29  3:35  Barracks Reactor  
  29  3:41  SCV  
  30  3:48  Liberator  
  30  3:51  Refinery  
  30  3:53  SCV  
  31  3:57  Refinery  
  31  3:59  SCV  
  31  4:01  Barracks  
  31  4:02  Barracks  
  32  4:05  SCV  
  36  4:11  SCV  
  36  4:12  Supply Depot  
  37  4:17  SCV  
  37  4:23  SCV  
  39  4:26  Supply Depot  
  39  4:29  SCV  
  40  4:35  SCV  
  40  4:36  Refinery  
  41  4:41  SCV, Marine x2  
  44  4:48  SCV, Barracks Tech Lab  
  44  4:49  Supply Depot, Barracks Tech Lab  
  44  4:52  Starport  
  45  4:55  SCV  
  45  4:59  Marine  
  47  5:00  SCV  
  48  5:07  SCV  
  48  5:12  SCV  
  48  5:14  Marine x3  
  50  5:15  Combat Shields  
  50  5:16  Marine, Stimpack  
  50  5:19  SCV  
  55  5:24  SCV  
  56  5:31  SCV  
  56  5:32  Marine x2  
  56  5:34  Command Center  
  59  5:36  SCV  
  59  5:38  Marine x2  
  59  5:39  Starport Reactor  
  62  5:43  SCV  
  62  5:48  SCV  
  62  5:49  Marine x2  
  64  5:51  Engineering Bay  
  64  5:54  Engineering Bay  
  64  5:55  Marine  
  64  5:56  SCV  
  68  6:00  SCV  
  68  6:02  Marine  
  70  6:07  Marine x2  
  70  6:09  SCV  
  70  6:10  Factory Reactor  
  73  6:11  Engineering Bay  
  73  6:13  Armory  
  73  6:20  SCV, Engineering Bay  
  73  6:25  SCV  
  72  6:36  SCV  
  72  6:37  SCV  
  72  6:39  Terran Infantry Weapons Level 1, Terran Infantry Armor Level 1  
  74  6:42  Medivac x2  
  74  6:44  Armory  
  78  6:47  Missile Turret  
  78  6:49  Marine x3  
  78  6:50  Concussive Shells  
  81  6:56  Marine  
  82  7:05  Bunker  
  82  7:07  Marine x3  
  82  7:08  Missile Turret  
  85  7:11  Medivac  
  85  7:14  Marine  
  85  7:15  Orbital Command  
  88  7:17  SCV x2  
  88  7:19  Missile Turret  
  90  7:25  Marine x3  
  90  7:29  Factory  
  93  7:31  Barracks  
  93  7:35  Supply Depot  
  93  7:36  Supply Depot  
  93  7:44  Supply Depot  
  93  7:46  Supply Depot  
  93  7:47  Marine  
  93  7:48  SCV, Marine x2  
  93  7:49  Marine  
  93  7:51  SCV x2  
  83  8:05  Factory, Marine  
  83  8:06  Marauder, Marine  
  83  8:09  Marine  
  83  8:12  SCV x3  
  91  8:16  Supply Depot  
  91  8:18  Marine  
  92  8:23  Marine  
  92  8:24  Marine  
  92  8:25  Factory Tech Lab  
  94  8:27  Medivac x2, Marine  
  94  8:28  Marauder  
  94  8:33  SCV x2  
  103  8:36  Marine  
  103  8:37  Refinery x2  
  103  8:40  SCV  
  103  8:41  Marine  
  105  8:43  Marauder  
  105  8:45  Command Center, Marine  
  109  8:48  SCV x2  
  109  8:49  Terran Infantry Weapons Level 2, Marauder, Terran Infantry Armor Level 2  
  109  8:52  Hi-Sec Auto Tracking  
  112  8:55  Factory Tech Lab  
  112  8:59  Marine  
  112  9:00  Medivac  
  114  9:04  Marauder  
  114  9:05  Barracks Tech Lab  
  114  9:09  Supply Depot, Marine  
  116  9:10  Marauder  
  116  9:11  Supply Depot  
  116  9:12  Supply Depot  
  116  9:16  Marine  
  110  9:25  Marauder  
  110  9:27  Marine, Marauder  
  110  9:31  Siege Tank x2  
  121  9:32  SCV, Medivac, Marauder  
  121  9:34  Marine  
  127  9:45  Marine  
  127  9:47  Marauder  
  130  9:53  Marine x3  
  130  9:55  Medivac  
  135  10:03  Siege Tank x2, Marine  
  140  10:07  Marine  
  140  10:09  Command Center  
  140  10:10  Refinery  
  140  10:11  Marine x3  
  140  10:12  Refinery  
  144  10:21  Marine  
  143  10:22  Medivac  
  143  10:25  Medivac, Marine  
  148  10:29  Marine x3  
  148  10:35  Siege Tank x2  
  152  10:38  Marine  
  132  10:43  Marine  
  132  10:46  Marine  
  132  10:47  Marauder x2  
  137  10:56  Marine  
  125  11:01  Marauder  
  122  11:04  Liberator, Marine  
  122  11:05  Barracks  
  122  11:07  Siege Tank  
  122  11:08  Marauder  
  122  11:09  Marauder  
  122  11:10  Barracks  
  124  11:14  Marine  
  124  11:17  Siege Tank  
  125  11:22  Marine x2  
  125  11:24  Planetary Fortress  
  130  11:29  Marine x2  
  130  11:31  Planetary Fortress  
  130  11:32  Marine  
  133  11:33  SCV x3  
  133  11:39  Siege Tank  
  139  11:40  Marine x2  
  139  11:45  SCV  
  142  11:47  Marine x2  
  142  11:50  Marine  
  142  11:52  Marine  
  142  11:53  Siege Tank  
  148  11:54  Medivac x2  
  148  11:58  Supply Depot, Marine x2  
  148  11:59  Supply Depot  
  154  12:05  Marine x2  
  154  12:08  Marine x2  
  156  12:10  Marine  
  158  12:15  Marine  
  158  12:16  Marine  
  160  12:23  Marine x2  
  160  12:25  Marine  
  160  12:26  Marine  
  160  12:28  Marine  
  164  12:33  Marine  
  164  12:34  Marine  
  164  12:37  Medivac, Siege Tank x2  
  172  12:41  Marine x2  
  172  12:43  Marine  
  177  12:44  Marine  
  177  12:45  Marine  
  177  12:50  Medivac  
  161  12:51  Marine x2  
  163  12:58  Marine x2  
  163  13:01  Marine  
  163  13:02  Marine  
  163  13:03  Marine  
  165  13:09  Siege Tank x2, Marine x2  
  173  13:16  Marine x2  
  173  13:19  Medivac, Marine x2  
  178  13:21  Marine  
  170  13:27  Marine x2  
  172  13:34  Marine x2  
  172  13:37  Marine x2  
  172  13:39  Medivac, Marine  
  182  13:44  Marine  
  182  13:45  Marine  
Tags
 
Composition
MMM Bio
League
Diamond
Matchup
TvZ
Replay Pack
2017S4
Spawn Locations
Cross Positions
Add a new tag
Caveats
  • Supply blocks, unpowered buildings, or Contaminate may cause inaccurate times.
  • Supply counts are checked every 10 seconds.